Map: Dusty Gorge

Players

Sticky

  • Race: Zerg Zerg
  • Spawn Location: 11:00

BeyLuGa

  • Race: Protoss Protoss
  • League: Diamond
  • Spawn Location: 9:00

SocRateS - Winner!

  • Race: Zerg Zerg
  • Spawn Location: 5:00

PureLegacy - Winner!

  • Race: Terran Terran
  • Spawn Location: 3:00

VOD

Have the link to the VOD?

Description

Time

  • Played on: Nov. 20, 2018, 3:28 p.m.
  • Length: 7:59
Show
View Real Time Build Order
Export as new Build Order

Sticky Zerg 

Build Orders: Pool First 

Get SALT Encoding   

  12  0:02  Drone  
  13  0:13  Overlord  
  13  0:19  Drone  
  14  0:32  Drone  
  14  0:33  Drone  
  17  0:42  Drone  
  17  0:51  Spawning Pool  
  17  0:55  Drone, Extractor  
  16  1:03  Drone  
  17  1:09  Drone  
  18  1:23  Drone  
  19  1:35  Drone  
  20  1:41  Roach Warren  
  20  1:43  Zergling x2  
  20  1:44  Queen  
  22  1:52  Overlord  
  22  1:57  Metabolic Boost  
  22  2:11  Zergling x2  
  23  2:17  Zergling x2  
  24  2:24  Roach  
  26  2:36  Roach  
  28  2:40  Hatchery  
  27  2:45  Roach  
  28  3:00  Overlord, Roach  
  30  3:11  Overlord x2  
  30  3:19  Roach  
  30  3:30  Drone  
  31  3:37  Roach  
  33  3:46  Roach  
  33  3:54  Zergling x2  
  32  4:02  Roach  
  34  4:09  Zergling x2  
  33  4:10  Roach  
  33  4:17  Roach x2  
  37  4:25  Roach  
  38  4:32  Roach  
  39  4:40  Roach x2  
  41  4:48  Roach  
  43  4:53  Zergling x2  
  44  5:06  Roach x2  
  46  5:10  Roach  
  46  5:11  Roach  
  48  5:20  Queen x2  
  52  5:25  Zergling x2, Roach  
  54  5:40  Roach x3  
  60  5:47  Zergling x2  
  59  5:56  Queen  
  56  5:58  Roach x2  
  58  6:12  Drone x2  
  57  6:32  Drone x3  
  59  6:33  Drone  
  60  6:45  Zergling x4  
  60  6:46  Zergling x2  
  59  7:00  Overlord  
  59  7:09  Drone  
  59  7:13  Overlord  
  60  7:24  Drone  
  60  7:25  Drone  
Show
View Real Time Build Order
Export as new Build Order

BeyLuGa Protoss 

Build Orders:  

Get SALT Encoding   

  1  0:00  Probe  
  13  0:07  Probe  
  14  0:21  Pylon  
  14  0:22  Probe  
  15  0:39  Probe  
  15  0:40  Gateway  
  16  0:46  Assimilator  
  16  0:54  Probe  
  17  1:04  Assimilator  
  17  1:06  Probe  
  18  1:19  Probe, Zealot  
  18  1:22  Gateway  
  21  1:36  Cybernetics Core  
  20  1:49  Zealot  
  22  1:57  Pylon  
  22  2:02  Pylon  
  22  2:14  Stalker  
  24  2:27  Stalker  
  22  2:35  Pylon  
  22  2:37  Pylon  
  22  2:43  Probe  
  23  2:48  Shield Battery  
  23  2:53  Pylon  
  23  2:56  Stalker  
  23  3:11  Zealot  
  23  3:12  Probe  
  23  3:49  Stalker  
  23  3:57  Pylon  
  23  4:00  Zealot  
  15  4:19  Zealot  
Show
View Real Time Build Order
Export as new Build Order

SocRateS Zerg - Winner!

Build Orders: Pool First 

Get SALT Encoding   

  12  0:01  Drone  
  13  0:11  Drone  
  14  0:27  Spawning Pool  
  13  0:35  Extractor  
  12  0:38  Overlord  
  12  0:45  Drone  
  12  0:47  Drone  
  14  1:13  Zergling x2  
  14  1:14  Zergling x4  
  17  1:23  Queen  
  19  1:26  Zergling x2  
  20  1:49  Zergling x2  
  20  1:51  Overlord  
  21  2:03  Spine Crawler  
  20  2:11  Zergling x2  
  20  2:12  Zergling x2  
  20  2:14  Metabolic Boost  
  20  2:29  Zergling x2  
  21  2:30  Zergling x2  
  21  2:44  Zergling x2  
  21  2:45  Zergling x6  
  24  2:57  Zergling x2  
  24  3:11  Zergling x2  
  25  3:19  Zergling x2  
  24  3:28  Zergling x4  
  24  3:29  Zergling x2  
  25  3:44  Zergling x4  
  27  3:54  Zergling x2  
  24  4:06  Hatchery  
  23  4:16  Zergling x6  
  26  4:26  Zergling x2  
  26  4:31  Zergling x2  
  26  4:41  Drone  
  24  4:56  Zergling x2  
  25  5:12  Drone  
  25  5:13  Drone  
  25  5:15  Drone x2  
  25  5:17  Extractor  
  25  5:35  Drone x2  
  25  5:38  Queen  
  27  5:51  Zergling x6, Drone  
  27  5:52  Drone x3  
  30  6:10  Drone, Roach Warren  
  29  6:20  Drone  
  30  6:31  Drone  
  31  6:34  Lair  
  31  6:36  Drone x5  
  34  6:53  Drone x3  
  36  6:59  Overlord x2  
  36  7:06  Overlord  
  36  7:17  Roach x3  
  36  7:18  Roach x2  
  46  7:25  Roach x2  
  50  7:34  Roach x3  
Show
View Real Time Build Order
Export as new Build Order

PureLegacy Terran - Winner!

Build Orders:  

Get SALT Encoding   

  12  0:01  SCV  
  13  0:13  SCV  
  14  0:18  Supply Depot  
  14  0:25  SCV  
  15  0:31  Refinery  
  15  0:40  SCV  
  16  0:46  Barracks  
  16  0:52  SCV  
  17  1:06  Barracks  
  17  1:17  Barracks  
  17  1:22  SCV  
  18  1:33  Reaper  
  19  1:40  Orbital Command  
  19  1:47  Refinery  
  19  1:54  Reaper  
  20  2:00  Supply Depot  
  20  2:07  Reaper  
  21  2:11  Reaper  
  21  2:15  SCV  
  23  2:26  Reaper  
  23  2:28  Supply Depot  
  24  2:31  SCV  
  25  2:39  Reaper  
  25  2:43  SCV  
  25  2:44  Reaper  
  28  3:05  SCV  
  29  3:06  Reaper  
  29  3:11  Command Center  
  30  3:19  Reaper  
  30  3:22  Reaper  
  30  3:23  SCV  
  32  3:34  Supply Depot  
  32  3:38  Reaper  
  32  3:39  SCV  
  37  4:10  SCV  
  37  4:12  Barracks Reactor, Barracks Tech Lab  
  37  4:14  Factory, Barracks  
  37  4:16  Barracks  
  36  4:20  Marine  
  36  4:32  Marine  
  36  4:33  Stimpack  
  36  4:34  Orbital Command  
  36  4:36  SCV  
  38  4:41  Marine  
  38  4:48  SCV  
  39  4:54  Marine x3  
  39  4:59  Starport, Factory Reactor  
  42  5:01  SCV  
  42  5:05  Marine x3  
  45  5:08  SCV  
  45  5:14  SCV  
  47  5:18  Marine  
  47  5:19  Marine  
  47  5:21  Marauder  
  51  5:22  SCV  
  51  5:26  SCV  
  55  5:37  SCV  
  55  5:40  SCV  
  58  5:43  Engineering Bay  
  58  5:44  Engineering Bay  
  58  5:48  Medivac x2  
  62  5:53  Supply Depot, Barracks Tech Lab  
  62  5:55  Barracks Reactor, Barracks Tech Lab  
  59  5:57  Barracks Tech Lab  
  59  5:58  SCV x2  
  59  6:01  Refinery x2  
  61  6:09  Supply Depot  
  61  6:10  SCV  
  62  6:15  SCV  
  62  6:17  Marauder x3  
  67  6:26  SCV  
  67  6:30  Marauder  
  70  6:33  Concussive Shells  
  70  6:34  SCV  
  70  6:36  Supply Depot  
  70  6:38  SCV  
  72  6:41  Supply Depot  
  72  6:47  SCV  
  73  6:57  Marauder  
  73  6:58  Marauder x2  
  73  7:01  SCV x2  
  81  7:04  Supply Depot  
  81  7:09  Marauder  
  83  7:15  Armory  
  83  7:19  Medivac x2  
  87  7:23  SCV  
  87  7:24  SCV  
  87  7:28  Supply Depot  
  89  7:32  Marauder  
Tags
 
Add a new tag
Caveats
  • Supply blocks, unpowered buildings, or Contaminate may cause inaccurate times.
  • Supply counts are checked every 10 seconds.